2901 views
Uploaded 2020-02-15 17:48:28
Game version 1.32 / 1.32.1
42:55 long 4on4 ladder game on (8)TwilightRuins_LV
Saved by iggythefisk
2901 views
Uploaded 2020-02-15 17:48:28
Game version 1.32 / 1.32.1
42:55 long 4on4 ladder game on (8)TwilightRuins_LV


212 units @ 33.3k
/ 5.7k
135 buildings @ 20.3k
/ 9.5k



| Rod of Necromancy | 1 | 150 |
| Orb of Corruption | 1 | 375 |
| Scroll of Town Portal | 1 | 350 |
| Healing Salve | 1 | 100 |
| total: | 4 | 975g |
| Acolyte | 7 | 525 | / | 0 |
| Ghoul | 3 | 360 | / | 0 |
| Meat Wagon | 21 | 4830 | / | 1050 |
| Necromancer | 21 | 3045 | / | 420 |
| Obsidian Statue | 3 | 600 | / | 105 |
| Frost Wyrm | 6 | 2310 | / | 720 |
| total: | 61 | 11670g | / | 2295w |
| Nerubian Tower | 1 | 100 | / | 20 |
| Spirit Tower | 4 | 580 | / | 160 |
| Altar of Darkness | 1 | 180 | / | 50 |
| Ziggurat | 7 | 1050 | / | 350 |
| Crypt | 1 | 200 | / | 50 |
| Graveyard | 1 | 215 | / | 0 |
| Tomb of Relics | 1 | 130 | / | 30 |
| Necropolis | 1 | 225 | / | 0 |
| Slaughterhouse | 2 | 280 | / | 270 |
| Temple of the Damned | 2 | 310 | / | 280 |
| Sacrificial Pit | 1 | 75 | / | 150 |
| Boneyard | 2 | 350 | / | 400 |
| Halls of the Dead | 1 | 320 | / | 210 |
| Black Citadel | 1 | 325 | / | 230 |
| total: | 19 | 3015g | / | 1580w |
| 0:01 | Acolyte |
| 0:02 | Acolyte |
| 0:07 | Altar of Darkness |
| 0:09 | Ziggurat |
| 0:24 | Crypt |
| 1:01 | Graveyard |
| 1:21 | Tomb of Relics |
| 1:44 | Ziggurat |
| 1:47 | Ghoul |
| 2:04 | Ghoul |
| 2:19 | Ghoul |
| 2:29 | Rod of Necromancy |
| 2:57 | Halls of the Dead |
| 3:13 | Nerubian Tower |
| 4:30 | Unholy Aura |
| 4:45 | Healing Salve |
| 5:19 | Acolyte |
| 5:37 | Black Citadel |
| 5:40 | Slaughterhouse |
| 5:58 | Slaughterhouse |
| 6:16 | Temple of the Damned |
| 6:18 | Temple of the Damned |
| 6:32 | Unholy Strength |
| 6:53 | Necropolis |
| 7:15 | Meat Wagon |
| 7:15 | Exhume Corpses |
| 7:18 | Necromancer Adept Training |
| 7:37 | Frost Armor |
| 7:59 | Orb of Corruption |
| 8:08 | Necromancer |
| 8:21 | Ziggurat |
| 8:32 | Meat Wagon |
| 8:34 | Skeletal Mastery |
| 8:59 | Necromancer |
| 9:18 | Necromancer |
| 9:24 | Acolyte |
| 9:24 | Acolyte |
| 9:35 | Necromancer |
| 9:44 | Acolyte |
| 9:50 | Ziggurat |
| 10:07 | Meat Wagon |
| 10:14 | Acolyte |
| 10:18 | Necromancer Master Training |
| 10:22 | Necromancer |
| 10:39 | Ziggurat |
| 10:42 | Unholy Armor |
| 11:20 | Death Pact |
| 11:35 | Meat Wagon |
| 11:37 | Necromancer |
| 11:38 | Obsidian Statue |
| 12:07 | Ziggurat |
| 12:08 | Ziggurat |
| 12:34 | Necromancer |
| 12:36 | Meat Wagon |
| 12:39 | Improved Unholy Armor |
| 12:40 | Improved Unholy Strength |
| 14:02 | Meat Wagon |
| 14:02 | Meat Wagon |
| 14:50 | Dark Ritual |
| 15:00 | Meat Wagon |
| 15:01 | Necromancer |
| 15:33 | Meat Wagon |
| 15:33 | Meat Wagon |
| 15:34 | Necromancer |
| 15:34 | Necromancer |
| 15:51 | Spirit Tower |
| 15:53 | Spirit Tower |
| 16:48 | Spirit Tower |
| 19:30 | Meat Wagon |
| 19:55 | Unholy Aura |
| 21:06 | Advanced Unholy Strength |
| 21:16 | Necromancer |
| 24:05 | Meat Wagon |
| 24:06 | Meat Wagon |
| 24:31 | Death Pact |
| 24:42 | Spirit Tower |
| 25:07 | Necromancer |
| 25:07 | Necromancer |
| 25:09 | Obsidian Statue |
| 25:56 | Advanced Unholy Armor |
| 26:53 | Scroll of Town Portal |
| 29:21 | Vampiric Aura |
| 29:53 | Necromancer |
| 29:53 | Necromancer |
| 29:53 | Necromancer |
| 30:32 | Meat Wagon |
| 30:32 | Meat Wagon |
| 31:32 | Meat Wagon |
| 31:32 | Meat Wagon |
| 31:33 | Necromancer |
| 31:33 | Necromancer |
| 31:33 | Necromancer |
| 34:50 | Meat Wagon |
| 34:50 | Meat Wagon |
| 35:10 | Necromancer |
| 35:11 | Necromancer |
| 35:35 | Meat Wagon |
| 35:36 | Meat Wagon |
| 36:25 | Sacrificial Pit |
| 37:23 | Boneyard |
| 37:24 | Boneyard |
| 38:37 | Frost Wyrm |
| 38:38 | Frost Wyrm |
| 39:36 | Obsidian Statue |
| 40:38 | Frost Wyrm |
| 40:38 | Frost Wyrm |
| 41:43 | Frost Wyrm |
| 41:43 | Frost Wyrm |
| Right click | 1714 |
| Select | 1283 |
| Misc. action | 598 |
| Select group | 521 |
| Build/train/purchase | 223 |
| Assign group | 75 |
| Chat | 40 |
| Use ability | 24 |
| Minimap ping | 16 |


| Healing Salve | 1 | 100 |
| Orb of Lightning | 1 | 375 |
| Potion of Healing | 1 | 150 |
| Scroll of Speed | 1 | 50 |
| total: | 4 | 675g |
| Peon | 31 | 2325 | / | 0 |
| Troll Headhunter | 10 | 1400 | / | 200 |
| Troll Berserker | 18 | 2520 | / | 360 |
| Demolisher | 11 | 2420 | / | 550 |
| total: | 70 | 8665g | / | 1110w |
| Watch Tower | 39 | 4290 | / | 3120 |
| Altar of Storms | 4 | 720 | / | 200 |
| Orc Burrow | 7 | 1120 | / | 280 |
| Barracks | 2 | 360 | / | 100 |
| War Mill | 2 | 410 | / | 0 |
| Voodoo Lounge | 1 | 130 | / | 30 |
| Great Hall | 3 | 1155 | / | 555 |
| Stronghold | 2 | 630 | / | 380 |
| Fortress | 1 | 325 | / | 190 |
| total: | 58 | 8185g | / | 4285w |
| 0:02 | Peon |
| 0:02 | Peon |
| 0:15 | Altar of Storms |
| 0:17 | Altar of Storms |
| 0:19 | Altar of Storms |
| 0:21 | Orc Burrow |
| 0:48 | Peon |
| 1:05 | Peon |
| 1:18 | Peon |
| 1:39 | Barracks |
| 1:42 | War Mill |
| 1:46 | Peon |
| 2:00 | Peon |
| 2:07 | Orc Burrow |
| 2:14 | Peon |
| 2:26 | Voodoo Lounge |
| 2:47 | Feral Spirit |
| 3:06 | Troll Headhunter |
| 3:23 | Troll Headhunter |
| 3:27 | Orc Burrow |
| 3:45 | Troll Headhunter |
| 3:47 | Steel Ranged Weapons |
| 4:20 | Troll Headhunter |
| 4:24 | Stronghold |
| 4:43 | Troll Headhunter |
| 4:47 | Steel Armor |
| 5:06 | Troll Headhunter |
| 5:13 | Chain Lighting |
| 5:34 | Barracks |
| 5:42 | Orc Burrow |
| 6:11 | Troll Headhunter |
| 6:47 | Troll Regeneration |
| 7:01 | Chain Lighting |
| 7:11 | Fortress |
| 7:36 | Thorium Ranged Weapons |
| 7:37 | Troll Headhunter |
| 7:59 | Healing Wave |
| 8:17 | Great Hall |
| 8:49 | Troll Headhunter |
| 9:07 | Thorium Armor |
| 9:25 | Orc Burrow |
| 9:28 | Orc Burrow |
| 9:37 | Hex |
| 9:51 | Peon |
| 9:52 | Peon |
| 9:52 | Peon |
| 9:52 | Peon |
| 10:21 | Burning Oil |
| 10:33 | Feral Spirit |
| 10:43 | Peon |
| 10:49 | Peon |
| 10:50 | Peon |
| 10:50 | Peon |
| 10:50 | Peon |
| 10:57 | Peon |
| 10:58 | Peon |
| 11:09 | Berserker Upgrade |
| 11:46 | Troll Headhunter |
| 11:51 | Healing Salve |
| 12:01 | Arcanite Ranged Weapons |
| 12:04 | Troll Berserker |
| 12:27 | Peon |
| 12:27 | Peon |
| 12:27 | Peon |
| 12:27 | Peon |
| 12:28 | Peon |
| 12:42 | Troll Berserker |
| 13:21 | Demolisher |
| 14:29 | Healing Wave |
| 14:36 | Demolisher |
| 15:11 | Watch Tower |
| 15:12 | Watch Tower |
| 15:12 | Watch Tower |
| 15:15 | Watch Tower |
| 15:15 | Watch Tower |
| 15:37 | Demolisher |
| 15:46 | Watch Tower |
| 15:48 | Watch Tower |
| 15:54 | Reinforced Defenses |
| 17:30 | Troll Berserker |
| 17:43 | Orb of Lightning |
| 17:44 | Potion of Healing |
| 17:44 | Scroll of Speed |
| 17:54 | Demolisher |
| 18:27 | Watch Tower |
| 18:54 | Demolisher |
| 18:55 | Troll Berserker |
| 19:14 | Arcanite Armor |
| 19:16 | Spiked Barricades |
| 19:33 | Demolisher |
| 20:29 | Demolisher |
| 21:51 | Improved Spiked Barricades |
| 22:21 | Feral Spirit |
| 24:12 | Hex |
| 24:25 | Troll Berserker |
| 24:36 | Troll Berserker |
| 24:38 | Troll Berserker |
| 26:58 | Watch Tower |
| 26:58 | Watch Tower |
| 27:25 | Demolisher |
| 29:00 | Great Hall |
| 29:06 | Watch Tower |
| 29:46 | Watch Tower |
| 29:46 | Watch Tower |
| 29:47 | Watch Tower |
| 30:30 | Stronghold |
| 30:36 | Watch Tower |
| 31:22 | Earth Quake |
| 32:53 | Demolisher |
| 32:55 | Demolisher |
| 34:13 | Hex |
| 34:50 | Watch Tower |
| 34:51 | Watch Tower |
| 34:51 | Watch Tower |
| 34:52 | Watch Tower |
| 34:54 | Watch Tower |
| 34:55 | Watch Tower |
| 34:55 | Watch Tower |
| 34:57 | Watch Tower |
| 34:58 | Watch Tower |
| 34:58 | Watch Tower |
| 35:01 | Watch Tower |
| 35:31 | Watch Tower |
| 35:32 | Watch Tower |
| 35:36 | Watch Tower |
| 35:37 | Watch Tower |
| 35:50 | Watch Tower |
| 35:51 | Watch Tower |
| 36:08 | Watch Tower |
| 36:09 | Watch Tower |
| 36:54 | Great Hall |
| 36:57 | Watch Tower |
| 36:58 | Watch Tower |
| 36:59 | Watch Tower |
| 37:13 | Watch Tower |
| 37:13 | Watch Tower |
| 37:19 | Demolisher |
| 37:21 | Troll Berserker |
| 39:20 | Troll Berserker |
| 39:21 | Troll Berserker |
| 40:42 | Altar of Storms |
| 41:44 | Troll Berserker |
| 41:44 | Troll Berserker |
| 41:45 | Troll Berserker |
| 41:53 | Troll Berserker |
| 41:53 | Troll Berserker |
| 41:59 | Orc Burrow |
| 42:02 | Peon |
| 42:02 | Peon |
| 42:02 | Peon |
| 42:03 | Peon |
| 42:03 | Peon |
| 42:03 | Peon |
| 42:03 | Peon |
| 42:20 | Troll Berserker |
| 42:20 | Troll Berserker |
| 42:20 | Troll Berserker |
| 42:31 | War Mill |
| Right click | 1442 |
| Select | 389 |
| Misc. action | 255 |
| Select group | 191 |
| Build/train/purchase | 147 |
| Chat | 74 |
| Assign group | 65 |
| Use ability | 56 |
| Item give/drop | 6 |
| Minimap ping | 5 |
| Remove unit | 3 |



| Healing Salve | 3 | 300 |
| Lesser Clarity Potion | 6 | 420 |
| Orb of Lightning | 3 | 1125 |
| Wand of Mana Stealing | 1 | 400 |
| total: | 13 | 2245g |
| Peon | 18 | 1350 | / | 0 |
| Spirit Walker | 6 | 1170 | / | 210 |
| Tauren | 7 | 1960 | / | 560 |
| Troll Batrider | 1 | 160 | / | 40 |
| Grunt | 1 | 200 | / | 0 |
| total: | 33 | 4840g | / | 810w |
| Altar of Storms | 3 | 540 | / | 150 |
| Orc Burrow | 12 | 1920 | / | 480 |
| Voodoo Lounge | 2 | 260 | / | 60 |
| War Mill | 3 | 615 | / | 0 |
| Great Hall | 5 | 1925 | / | 925 |
| Barracks | 1 | 180 | / | 50 |
| Tauren Totem | 2 | 270 | / | 310 |
| Beastiary | 1 | 145 | / | 140 |
| Stronghold | 3 | 945 | / | 570 |
| Fortress | 1 | 325 | / | 190 |
| total: | 29 | 5855g | / | 2115w |
| 0:05 | Peon |
| 0:13 | Altar of Storms |
| 0:16 | Orc Burrow |
| 0:20 | Peon |
| 1:08 | Peon |
| 1:11 | Peon |
| 1:34 | Voodoo Lounge |
| 1:37 | Peon |
| 1:48 | Peon |
| 2:09 | Peon |
| 2:26 | Stronghold |
| 2:40 | Healing Salve |
| 2:46 | Lesser Clarity Potion |
| 2:51 | Wind Walk |
| 4:29 | War Mill |
| 4:34 | Lesser Clarity Potion |
| 4:42 | Orc Burrow |
| 4:47 | Orc Burrow |
| 4:58 | Fortress |
| 5:14 | Tauren Totem |
| 6:28 | Spirit Walker |
| 6:36 | Tauren Totem |
| 7:35 | Tauren |
| 7:42 | Peon |
| 7:42 | Peon |
| 7:42 | Peon |
| 7:43 | Peon |
| 7:53 | Orb of Lightning |
| 8:00 | Lesser Clarity Potion |
| 8:34 | Critical Strike |
| 8:44 | Peon |
| 8:45 | Peon |
| 8:49 | Orc Burrow |
| 8:55 | Healing Wave |
| 9:44 | Pulverize |
| 9:45 | Spirit Walker Adept Training |
| 9:49 | Orc Burrow |
| 9:54 | Steel Armor |
| 10:16 | Tauren |
| 10:49 | Spirit Walker |
| 10:51 | Spirit Walker |
| 11:33 | Wand of Mana Stealing |
| 11:37 | Spirit Walker Master Training |
| 12:30 | Howl of Terror |
| 13:26 | Tauren |
| 13:32 | Thorium Armor |
| 14:14 | Spirit Walker |
| 15:27 | Tauren |
| 16:13 | Tauren |
| 16:17 | Spirit Walker |
| 16:18 | Spirit Walker |
| 16:29 | Critical Strike |
| 17:21 | Orb of Lightning |
| 17:22 | Healing Salve |
| 17:22 | Healing Salve |
| 17:22 | Lesser Clarity Potion |
| 17:22 | Lesser Clarity Potion |
| 17:39 | Peon |
| 17:51 | Cleaving Attack |
| 18:04 | Hex |
| 18:19 | Tauren |
| 18:59 | Great Hall |
| 19:41 | Tauren |
| 20:51 | Orb of Lightning |
| 23:25 | Peon |
| 23:25 | Peon |
| 23:28 | Beastiary |
| 24:41 | Troll Batrider |
| 24:45 | Stronghold |
| 25:32 | Healing Wave |
| 26:45 | Orc Burrow |
| 26:54 | Orc Burrow |
| 27:45 | Howl of Terror |
| 29:15 | Wind Walk |
| 30:23 | Great Hall |
| 30:24 | Orc Burrow |
| 30:27 | Great Hall |
| 31:55 | Orc Burrow |
| 31:57 | Orc Burrow |
| 31:58 | Orc Burrow |
| 32:50 | Altar of Storms |
| 32:52 | Orc Burrow |
| 33:34 | Peon |
| 34:27 | Barracks |
| 34:58 | Voodoo Lounge |
| 35:16 | Peon |
| 35:54 | War Mill |
| 35:57 | War Mill |
| 36:00 | Grunt |
| 36:19 | Lesser Clarity Potion |
| 36:35 | Stronghold |
| 38:14 | Great Hall |
| 38:18 | Great Hall |
| 38:20 | Altar of Storms |
| Right click | 1351 |
| Select | 728 |
| Misc. action | 274 |
| Select group | 198 |
| Build/train/purchase | 175 |
| Use ability | 80 |
| Resource trade | 40 |
| Assign group | 36 |
| Esc | 9 |
| Item give/drop | 5 |
| Minimap ping | 3 |



| Scroll of Regeneration | 3 | 300 |
| Potion of Healing | 2 | 300 |
| Lesser Clarity Potion | 1 | 70 |
| Orb of Fire | 1 | 325 |
| Scroll of Town Portal | 2 | 700 |
| Ring of Protection +3 | 1 | 125 |
| total: | 10 | 1820g |
| Peasant | 13 | 975 | / | 0 |
| Rifleman | 15 | 3075 | / | 450 |
| Mortar Team | 7 | 1260 | / | 490 |
| Dragonhawk Rider | 7 | 1400 | / | 210 |
| Siege Engine | 4 | 780 | / | 240 |
| Goblin Shredder | 1 | 375 | / | 100 |
| Giant Sea Turtle | 1 | 295 | / | 35 |
| total: | 48 | 8160g | / | 1525w |
| Scout Tower | 6 | 180 | / | 120 |
| Arcane Tower | 2 | 140 | / | 100 |
| Guard Tower | 2 | 140 | / | 100 |
| Altar of Kings | 1 | 180 | / | 50 |
| Farm | 12 | 960 | / | 240 |
| Barracks | 1 | 160 | / | 60 |
| Blacksmith | 1 | 140 | / | 60 |
| Town Hall | 2 | 770 | / | 410 |
| Lumber Mill | 1 | 120 | / | 0 |
| Arcane Vault | 1 | 130 | / | 30 |
| Workshop | 2 | 280 | / | 280 |
| Gryphon Aviary | 2 | 280 | / | 300 |
| Keep | 1 | 320 | / | 210 |
| Castle | 1 | 360 | / | 210 |
| total: | 29 | 3200g | / | 1550w |
| 0:03 | Peasant |
| 0:03 | Peasant |
| 0:03 | Peasant |
| 0:03 | Peasant |
| 1:01 | Altar of Kings |
| 1:03 | Farm |
| 1:05 | Barracks |
| 1:16 | Peasant |
| 1:30 | Blacksmith |
| 1:39 | Peasant |
| 1:54 | Peasant |
| 1:59 | Farm |
| 2:07 | Peasant |
| 2:34 | Rifleman |
| 2:39 | Farm |
| 2:59 | Scout Tower |
| 3:01 | Rifleman |
| 3:08 | Holy Light |
| 3:19 | Farm |
| 3:30 | Arcane Tower |
| 3:42 | Rifleman |
| 4:07 | Rifleman |
| 4:09 | Farm |
| 4:37 | Peasant |
| 4:38 | Peasant |
| 4:39 | Rifleman |
| 5:08 | Devotion Aura |
| 5:18 | Town Hall |
| 5:22 | Scout Tower |
| 5:29 | Farm |
| 5:31 | Black Gunpowder |
| 5:58 | Scout Tower |
| 6:00 | Arcane Tower |
| 6:11 | Giant Sea Turtle |
| 6:24 | Lumber Mill |
| 6:27 | Farm |
| 6:30 | Scout Tower |
| 6:56 | Holy Light |
| 7:05 | Keep |
| 7:11 | Scout Tower |
| 7:20 | Improved Masonry |
| 7:46 | Farm |
| 7:50 | Scout Tower |
| 7:52 | Guard Tower |
| 8:35 | Peasant |
| 8:35 | Peasant |
| 8:36 | Peasant |
| 8:39 | Guard Tower |
| 8:48 | Arcane Vault |
| 9:04 | Rifleman |
| 9:08 | Studded Leather Armor |
| 9:29 | Goblin Shredder |
| 9:40 | Improved Lumber Harvesting |
| 9:51 | Advanced Masonry |
| 10:00 | Long Rifles |
| 10:27 | Rifleman |
| 10:27 | Rifleman |
| 10:32 | Farm |
| 10:57 | Devotion Aura |
| 11:06 | Ring of Protection +3 |
| 11:43 | Workshop |
| 11:46 | Workshop |
| 11:53 | Gryphon Aviary |
| 11:56 | Gryphon Aviary |
| 12:06 | Reinforced Leather Armor |
| 12:14 | Storm Bolt |
| 12:27 | Castle |
| 12:29 | Farm |
| 12:55 | Farm |
| 12:58 | Farm |
| 13:00 | Mortar Team |
| 14:28 | Mortar Team |
| 14:55 | Cloud |
| 15:33 | Mortar Team |
| 15:35 | Dragonhawk Rider |
| 15:37 | Dragonhawk Rider |
| 16:21 | Mortar Team |
| 17:22 | Rifleman |
| 17:37 | Iron Forged Swords |
| 17:43 | Dragonhide Armor |
| 17:45 | Refined Gunpowder |
| 17:47 | Fragmentation Shards |
| 17:58 | Scroll of Regeneration |
| 18:04 | Scroll of Regeneration |
| 18:07 | Potion of Healing |
| 18:29 | Scroll of Town Portal |
| 18:42 | Summon Water Elemental |
| 19:34 | Dragonhawk Rider |
| 19:39 | Devotion Aura |
| 20:56 | Rifleman |
| 20:59 | Mortar Team |
| 21:52 | Dragonhawk Rider |
| 21:54 | Dragonhawk Rider |
| 22:16 | Rifleman |
| 22:35 | Bash |
| 22:49 | Brilliance Aura |
| 22:53 | Scroll of Regeneration |
| 23:02 | Potion of Healing |
| 23:13 | Scroll of Town Portal |
| 24:06 | Dragonhawk Rider |
| 30:29 | Dragonhawk Rider |
| 30:31 | Mortar Team |
| 31:45 | Mortar Team |
| 31:52 | Siege Engine |
| 31:53 | Siege Engine |
| 34:04 | Siege Engine |
| 34:40 | Lesser Clarity Potion |
| 34:52 | Orb of Fire |
| 35:19 | Iron Plating |
| 36:07 | Rifleman |
| 36:07 | Rifleman |
| 36:39 | Storm Bolt |
| 37:01 | Steel Plating |
| 37:33 | Rifleman |
| 37:33 | Rifleman |
| 39:28 | Mithril Plating |
| 39:39 | Siege Engine |
| 39:41 | Barrage |
| 40:44 | Resurrection |
| 41:50 | Town Hall |
| Right click | 1222 |
| Select group | 907 |
| Select | 507 |
| Misc. action | 327 |
| Build/train/purchase | 125 |
| Use ability | 49 |
| Chat | 42 |
| Assign group | 39 |
| Resource trade | 10 |
| Minimap ping | 9 |
| Item give/drop | 7 |
| Remove unit | 3 |
113 units @ 10.1k
/ 0.9k
373 buildings @ 32.5k
/ 17.3k


| Lesser Clarity Potion | 10 | 700 |
| Healing Salve | 4 | 400 |
| Orb of Lightning | 2 | 750 |
| Potion of Mana | 1 | 200 |
| Boots of Speed | 2 | 500 |
| Staff of Teleportation | 2 | 300 |
| Circlet of Nobility | 1 | 175 |
| Staff of Sanctuary | 2 | 500 |
| Claws of Attack +12 | 1 | 500 |
| Replenishment Potion | 2 | 300 |
| Hood of Cunning | 1 | 500 |
| Legion Doom-Horn | 1 | 500 |
| total: | 29 | 5325g |
| Peon | 14 | 1050 | / | 0 |
| Troll Batrider | 7 | 1120 | / | 280 |
| total: | 21 | 2170g | / | 280w |
| Watch Tower | 47 | 5170 | / | 3760 |
| Altar of Storms | 3 | 540 | / | 150 |
| Orc Burrow | 5 | 800 | / | 200 |
| War Mill | 2 | 410 | / | 0 |
| Voodoo Lounge | 3 | 390 | / | 90 |
| Great Hall | 2 | 770 | / | 370 |
| Barracks | 1 | 180 | / | 50 |
| Beastiary | 3 | 435 | / | 420 |
| Stronghold | 2 | 630 | / | 380 |
| Fortress | 1 | 325 | / | 190 |
| total: | 66 | 8695g | / | 5040w |
| 0:02 | Peon |
| 0:02 | Peon |
| 0:06 | Altar of Storms |
| 0:08 | Orc Burrow |
| 0:49 | Peon |
| 1:05 | Peon |
| 1:12 | War Mill |
| 1:14 | Peon |
| 1:22 | Voodoo Lounge |
| 1:53 | Peon |
| 1:53 | Peon |
| 1:54 | Peon |
| 2:09 | Orc Burrow |
| 2:15 | Peon |
| 2:36 | Watch Tower |
| 2:38 | Shockwave |
| 2:42 | Peon |
| 2:42 | Peon |
| 2:54 | Peon |
| 2:54 | Peon |
| 3:22 | Lesser Clarity Potion |
| 3:22 | Healing Salve |
| 3:27 | Watch Tower |
| 3:30 | Watch Tower |
| 3:40 | Watch Tower |
| 4:05 | Peon |
| 4:26 | Lesser Clarity Potion |
| 4:32 | Stronghold |
| 4:34 | Watch Tower |
| 4:46 | Watch Tower |
| 4:51 | Boots of Speed |
| 5:00 | Staff of Teleportation |
| 5:38 | Watch Tower |
| 5:52 | Endurance Aura |
| 6:00 | Healing Salve |
| 6:00 | Lesser Clarity Potion |
| 6:10 | Watch Tower |
| 6:13 | Watch Tower |
| 6:32 | Spiked Barricades |
| 6:56 | Fortress |
| 7:14 | Watch Tower |
| 7:20 | Beastiary |
| 7:47 | Watch Tower |
| 7:53 | Hex |
| 8:21 | Great Hall |
| 8:45 | Orc Burrow |
| 8:48 | Troll Batrider |
| 8:52 | Watch Tower |
| 9:58 | Watch Tower |
| 9:59 | Watch Tower |
| 10:14 | Beastiary |
| 10:16 | Shockwave |
| 10:18 | Reinforced Defenses |
| 10:22 | Healing Wave |
| 11:00 | Troll Batrider |
| 11:01 | Troll Batrider |
| 11:01 | Liquid Fire |
| 11:02 | Steel Ranged Weapons |
| 11:53 | Voodoo Lounge |
| 12:05 | Watch Tower |
| 12:06 | Watch Tower |
| 12:11 | Troll Batrider |
| 12:51 | Troll Batrider |
| 12:59 | Orb of Lightning |
| 13:00 | Lesser Clarity Potion |
| 13:01 | Healing Salve |
| 13:05 | Lesser Clarity Potion |
| 13:22 | Claws of Attack +12 |
| 13:43 | Boots of Speed |
| 13:45 | Circlet of Nobility |
| 13:51 | Lesser Clarity Potion |
| 13:53 | Potion of Mana |
| 14:48 | Watch Tower |
| 14:48 | Watch Tower |
| 14:49 | Watch Tower |
| 14:50 | Watch Tower |
| 14:50 | Watch Tower |
| 14:51 | Watch Tower |
| 14:58 | Lesser Clarity Potion |
| 14:59 | Healing Salve |
| 16:03 | Watch Tower |
| 16:18 | Lesser Clarity Potion |
| 16:20 | Orb of Lightning |
| 16:42 | Staff of Teleportation |
| 17:30 | Troll Batrider |
| 17:35 | Watch Tower |
| 17:35 | Watch Tower |
| 17:36 | Watch Tower |
| 17:37 | Watch Tower |
| 17:37 | Watch Tower |
| 17:38 | Watch Tower |
| 18:03 | Troll Batrider |
| 18:04 | Thorium Ranged Weapons |
| 18:16 | Replenishment Potion |
| 18:18 | Hood of Cunning |
| 19:55 | Watch Tower |
| 20:00 | Watch Tower |
| 20:01 | Watch Tower |
| 20:01 | Watch Tower |
| 20:02 | Watch Tower |
| 20:08 | Healing Wave |
| 20:49 | Endurance Aura |
| 21:16 | Watch Tower |
| 21:17 | Watch Tower |
| 21:17 | Watch Tower |
| 21:20 | Watch Tower |
| 21:25 | Watch Tower |
| 21:25 | Watch Tower |
| 21:26 | Watch Tower |
| 22:04 | Arcanite Ranged Weapons |
| 22:06 | Watch Tower |
| 22:39 | Lesser Clarity Potion |
| 23:27 | Staff of Sanctuary |
| 23:37 | Staff of Sanctuary |
| 23:56 | Watch Tower |
| 25:24 | Replenishment Potion |
| 25:34 | Altar of Storms |
| 26:18 | Steel Armor |
| 26:38 | Altar of Storms |
| 26:39 | Orc Burrow |
| 28:10 | Hex |
| 28:38 | Great Hall |
| 28:43 | War Mill |
| 29:44 | Shockwave |
| 30:47 | Watch Tower |
| 30:48 | Watch Tower |
| 30:48 | Watch Tower |
| 30:51 | Watch Tower |
| 33:32 | Healing Wave |
| 34:36 | Lesser Clarity Potion |
| 34:41 | Voodoo Lounge |
| 38:09 | Reincarnation |
| 38:18 | Barracks |
| 38:19 | Stronghold |
| 38:22 | Thorium Armor |
| 38:46 | Legion Doom-Horn |
| 41:00 | Troll Regeneration |
| 41:01 | Beastiary |
| 41:04 | Orc Burrow |
| Right click | 3140 |
| Select group | 1698 |
| Select | 343 |
| Misc. action | 156 |
| Use ability | 143 |
| Chat | 135 |
| Build/train/purchase | 107 |
| Minimap ping | 59 |
| Resource trade | 47 |
| Assign group | 15 |
| Item give/drop | 9 |
| Esc | 1 |


| Healing Salve | 3 | 300 |
| Lesser Clarity Potion | 1 | 70 |
| Orb of Lightning | 2 | 750 |
| Boots of Speed | 2 | 500 |
| Staff of Teleportation | 2 | 300 |
| Ring of Regeneration | 1 | 300 |
| Helm of Valor | 1 | 500 |
| Gloves of Haste | 1 | 125 |
| total: | 13 | 2845g |
| Peon | 19 | 1425 | / | 0 |
| Troll Batrider | 10 | 1600 | / | 400 |
| Kodo Beast | 1 | 255 | / | 60 |
| Goblin Shredder | 1 | 375 | / | 100 |
| total: | 31 | 3655g | / | 560w |
| Watch Tower | 54 | 5940 | / | 4320 |
| Altar of Storms | 4 | 720 | / | 200 |
| Orc Burrow | 5 | 800 | / | 200 |
| War Mill | 1 | 205 | / | 0 |
| Voodoo Lounge | 3 | 390 | / | 90 |
| Great Hall | 2 | 770 | / | 370 |
| Beastiary | 2 | 290 | / | 280 |
| Stronghold | 1 | 315 | / | 190 |
| Fortress | 1 | 325 | / | 190 |
| total: | 71 | 9115g | / | 5460w |
| 0:01 | Peon |
| 0:02 | Peon |
| 0:04 | Altar of Storms |
| 0:18 | Orc Burrow |
| 0:54 | War Mill |
| 0:56 | Peon |
| 1:07 | Peon |
| 1:27 | Voodoo Lounge |
| 1:30 | Peon |
| 1:47 | Peon |
| 1:56 | Peon |
| 2:05 | Watch Tower |
| 2:12 | Peon |
| 2:21 | Orc Burrow |
| 2:26 | Wind Walk |
| 2:30 | Healing Salve |
| 2:34 | Peon |
| 2:48 | Watch Tower |
| 3:13 | Watch Tower |
| 3:42 | Peon |
| 3:42 | Peon |
| 3:44 | Watch Tower |
| 3:57 | Peon |
| 4:23 | Watch Tower |
| 4:28 | Watch Tower |
| 4:30 | Peon |
| 4:30 | Peon |
| 4:54 | Watch Tower |
| 4:57 | Watch Tower |
| 5:34 | Stronghold |
| 5:43 | Watch Tower |
| 5:57 | Watch Tower |
| 6:00 | Healing Salve |
| 6:00 | Lesser Clarity Potion |
| 6:17 | Orc Burrow |
| 6:32 | Goblin Shredder |
| 6:58 | Watch Tower |
| 7:03 | Watch Tower |
| 7:06 | Watch Tower |
| 7:26 | Boots of Speed |
| 7:27 | Staff of Teleportation |
| 8:06 | Watch Tower |
| 8:07 | Watch Tower |
| 8:20 | Watch Tower |
| 8:36 | Watch Tower |
| 8:45 | Watch Tower |
| 8:49 | Reinforced Defenses |
| 8:55 | Hex |
| 9:11 | Watch Tower |
| 9:20 | Beastiary |
| 9:33 | Watch Tower |
| 9:43 | Watch Tower |
| 9:51 | Watch Tower |
| 10:00 | Watch Tower |
| 10:15 | Beastiary |
| 10:26 | Watch Tower |
| 10:37 | Watch Tower |
| 10:39 | Critical Strike |
| 10:57 | Watch Tower |
| 11:00 | Watch Tower |
| 11:40 | Watch Tower |
| 11:42 | Watch Tower |
| 11:52 | Watch Tower |
| 12:05 | Watch Tower |
| 12:17 | Fortress |
| 12:21 | Watch Tower |
| 12:44 | Healing Wave |
| 12:52 | Watch Tower |
| 12:58 | Watch Tower |
| 13:08 | Troll Batrider |
| 13:33 | Watch Tower |
| 13:39 | Watch Tower |
| 13:42 | Watch Tower |
| 14:03 | Watch Tower |
| 14:05 | Watch Tower |
| 14:40 | Liquid Fire |
| 15:41 | Healing Salve |
| 16:03 | Orb of Lightning |
| 16:56 | Wind Walk |
| 17:22 | Voodoo Lounge |
| 17:24 | Voodoo Lounge |
| 17:27 | Kodo Beast |
| 17:37 | Altar of Storms |
| 17:39 | Orc Burrow |
| 17:46 | Watch Tower |
| 17:47 | Peon |
| 17:47 | Peon |
| 17:47 | Peon |
| 17:47 | Peon |
| 17:47 | Peon |
| 18:36 | Orc Burrow |
| 18:47 | Watch Tower |
| 18:51 | Watch Tower |
| 18:55 | Troll Batrider |
| 18:59 | Watch Tower |
| 19:04 | Watch Tower |
| 19:17 | Watch Tower |
| 19:37 | Watch Tower |
| 20:15 | Watch Tower |
| 20:16 | Watch Tower |
| 20:41 | Troll Batrider |
| 20:43 | Watch Tower |
| 20:52 | Troll Batrider |
| 21:29 | Troll Batrider |
| 21:37 | Watch Tower |
| 21:39 | Watch Tower |
| 22:46 | Altar of Storms |
| 22:58 | Watch Tower |
| 22:59 | Watch Tower |
| 23:24 | Troll Batrider |
| 23:46 | Troll Batrider |
| 24:19 | Troll Batrider |
| 24:33 | Steel Ranged Weapons |
| 24:34 | Spiked Barricades |
| 27:39 | Troll Batrider |
| 28:21 | Troll Batrider |
| 29:03 | Ring of Regeneration |
| 29:05 | Helm of Valor |
| 29:15 | Watch Tower |
| 29:45 | Critical Strike |
| 31:03 | Healing Wave |
| 31:14 | Great Hall |
| 33:54 | Orb of Lightning |
| 34:37 | Great Hall |
| 37:10 | Altar of Storms |
| 37:51 | Gloves of Haste |
| 40:47 | Hex |
| 41:39 | Boots of Speed |
| 41:40 | Staff of Teleportation |
| 42:26 | Wind Walk |
| Right click | 3446 |
| Select | 703 |
| Select group | 610 |
| Misc. action | 208 |
| Build/train/purchase | 111 |
| Use ability | 60 |
| Chat | 51 |
| Assign group | 12 |
| Minimap ping | 11 |
| Resource trade | 8 |
| Item give/drop | 5 |
| Remove unit | 4 |
| Esc | 4 |



| Scroll of Regeneration | 1 | 100 |
| Lesser Clarity Potion | 1 | 70 |
| Potion of Healing | 1 | 150 |
| Staff of Sanctuary | 3 | 750 |
| Orb of Fire | 1 | 325 |
| Staff of Teleportation | 3 | 450 |
| Boots of Speed | 3 | 750 |
| Healing Salve | 2 | 200 |
| Orb of Lightning | 1 | 375 |
| Khadgar's Pipe of Insight | 1 | 500 |
| total: | 17 | 3670g |
| Peasant | 19 | 1425 | / | 0 |
| Priest | 5 | 675 | / | 50 |
| total: | 24 | 2100g | / | 50w |
| Scout Tower | 188 | 5640 | / | 3760 |
| Arcane Tower | 2 | 140 | / | 100 |
| Guard Tower | 73 | 5110 | / | 3650 |
| Farm | 5 | 400 | / | 100 |
| Lumber Mill | 1 | 120 | / | 0 |
| Altar of Kings | 1 | 180 | / | 50 |
| Arcane Vault | 4 | 520 | / | 120 |
| Arcane Sanctum | 1 | 150 | / | 140 |
| Keep | 1 | 320 | / | 210 |
| Castle | 1 | 360 | / | 210 |
| total: | 200 | 7010g | / | 4170w |
| 0:00 | Peasant |
| 0:08 | Peasant |
| 0:49 | Peasant |
| 0:56 | Farm |
| 0:58 | Scout Tower |
| 0:59 | Peasant |
| 1:09 | Lumber Mill |
| 1:11 | Peasant |
| 1:18 | Peasant |
| 1:32 | Arcane Tower |
| 1:34 | Scout Tower |
| 1:41 | Altar of Kings |
| 1:44 | Scout Tower |
| 1:47 | Peasant |
| 1:56 | Peasant |
| 2:00 | Scout Tower |
| 2:14 | Farm |
| 2:20 | Scout Tower |
| 2:37 | Guard Tower |
| 2:48 | Summon Quilbeast |
| 2:52 | Guard Tower |
| 2:54 | Guard Tower |
| 2:55 | Guard Tower |
| 2:56 | Scout Tower |
| 3:03 | Scout Tower |
| 3:05 | Peasant |
| 3:06 | Peasant |
| 3:09 | Scout Tower |
| 3:11 | Scout Tower |
| 3:13 | Peasant |
| 3:53 | Arcane Tower |
| 3:55 | Arcane Vault |
| 4:01 | Guard Tower |
| 4:16 | Scout Tower |
| 4:17 | Scout Tower |
| 4:19 | Guard Tower |
| 4:20 | Scout Tower |
| 4:21 | Scout Tower |
| 4:25 | Scout Tower |
| 4:26 | Scout Tower |
| 4:26 | Scout Tower |
| 4:28 | Improved Masonry |
| 4:29 | Peasant |
| 4:29 | Peasant |
| 4:44 | Scout Tower |
| 4:44 | Scout Tower |
| 4:45 | Scout Tower |
| 4:47 | Guard Tower |
| 4:48 | Scout Tower |
| 4:49 | Scout Tower |
| 4:49 | Scout Tower |
| 4:52 | Guard Tower |
| 4:53 | Scout Tower |
| 4:54 | Scout Tower |
| 4:56 | Scout Tower |
| 4:57 | Scout Tower |
| 5:15 | Peasant |
| 5:15 | Peasant |
| 5:17 | Guard Tower |
| 5:26 | Staff of Teleportation |
| 5:27 | Boots of Speed |
| 5:30 | Guard Tower |
| 5:33 | Keep |
| 6:03 | Guard Tower |
| 6:30 | Guard Tower |
| 6:34 | Scout Tower |
| 6:35 | Scout Tower |
| 6:36 | Guard Tower |
| 6:38 | Scout Tower |
| 6:38 | Scout Tower |
| 7:17 | Summon Bear |
| 7:31 | Guard Tower |
| 7:33 | Scout Tower |
| 7:33 | Scout Tower |
| 7:34 | Scout Tower |
| 7:39 | Guard Tower |
| 7:46 | Guard Tower |
| 7:48 | Scout Tower |
| 7:48 | Scout Tower |
| 7:50 | Scout Tower |
| 7:51 | Scout Tower |
| 7:57 | Scroll of Regeneration |
| 8:07 | Lesser Clarity Potion |
| 8:10 | Guard Tower |
| 8:25 | Scout Tower |
| 8:30 | Farm |
| 9:34 | Guard Tower |
| 9:35 | Scout Tower |
| 9:35 | Scout Tower |
| 9:36 | Scout Tower |
| 9:49 | Summon Bear |
| 9:58 | Soul Burn |
| 10:07 | Guard Tower |
| 10:08 | Scout Tower |
| 10:09 | Scout Tower |
| 10:10 | Scout Tower |
| 10:12 | Guard Tower |
| 10:13 | Scout Tower |
| 10:13 | Scout Tower |
| 10:13 | Scout Tower |
| 10:14 | Scout Tower |
| 10:15 | Guard Tower |
| 10:18 | Scout Tower |
| 10:18 | Scout Tower |
| 10:19 | Scout Tower |
| 10:19 | Scout Tower |
| 10:21 | Scout Tower |
| 10:21 | Scout Tower |
| 10:22 | Scout Tower |
| 10:22 | Scout Tower |
| 11:45 | Guard Tower |
| 11:48 | Scout Tower |
| 11:48 | Scout Tower |
| 11:49 | Scout Tower |
| 11:49 | Scout Tower |
| 11:50 | Scout Tower |
| 11:51 | Guard Tower |
| 11:54 | Scout Tower |
| 11:54 | Scout Tower |
| 11:55 | Scout Tower |
| 11:57 | Guard Tower |
| 12:28 | Guard Tower |
| 12:30 | Arcane Vault |
| 12:40 | Incinerate |
| 12:57 | Advanced Masonry |
| 13:01 | Guard Tower |
| 13:04 | Scout Tower |
| 13:04 | Scout Tower |
| 13:05 | Scout Tower |
| 13:05 | Scout Tower |
| 13:08 | Scout Tower |
| 13:24 | Staff of Teleportation |
| 13:24 | Boots of Speed |
| 14:17 | Potion of Healing |
| 14:37 | Castle |
| 14:41 | Healing Salve |
| 14:46 | Orb of Lightning |
| 15:21 | Arcane Vault |
| 15:21 | Arcane Vault |
| 15:45 | Guard Tower |
| 15:46 | Guard Tower |
| 17:22 | Imbued Masonry |
| 17:25 | Farm |
| 17:36 | Scout Tower |
| 17:37 | Scout Tower |
| 17:37 | Scout Tower |
| 17:38 | Scout Tower |
| 17:38 | Scout Tower |
| 17:39 | Scout Tower |
| 17:39 | Scout Tower |
| 17:40 | Staff of Sanctuary |
| 17:47 | Staff of Sanctuary |
| 17:50 | Healing Salve |
| 18:17 | Scout Tower |
| 18:20 | Scout Tower |
| 18:44 | Scout Tower |
| 18:46 | Guard Tower |
| 18:52 | Guard Tower |
| 18:57 | Arcane Sanctum |
| 19:00 | Scout Tower |
| 19:00 | Guard Tower |
| 19:01 | Scout Tower |
| 19:01 | Scout Tower |
| 19:06 | Khadgar's Pipe of Insight |
| 19:10 | Holy Light |
| 19:31 | Guard Tower |
| 19:32 | Guard Tower |
| 19:33 | Scout Tower |
| 19:33 | Scout Tower |
| 19:33 | Scout Tower |
| 19:33 | Scout Tower |
| 19:37 | Peasant |
| 19:37 | Peasant |
| 19:39 | Scout Tower |
| 19:40 | Scout Tower |
| 19:40 | Scout Tower |
| 19:40 | Scout Tower |
| 19:40 | Scout Tower |
| 19:40 | Scout Tower |
| 20:10 | Guard Tower |
| 20:11 | Scout Tower |
| 20:11 | Scout Tower |
| 20:11 | Scout Tower |
| 20:12 | Scout Tower |
| 20:12 | Scout Tower |
| 20:12 | Scout Tower |
| 20:12 | Scout Tower |
| 20:26 | Guard Tower |
| 20:42 | Guard Tower |
| 20:44 | Scout Tower |
| 20:44 | Scout Tower |
| 20:44 | Scout Tower |
| 20:44 | Scout Tower |
| 20:45 | Scout Tower |
| 20:51 | Guard Tower |
| 20:53 | Scout Tower |
| 20:53 | Scout Tower |
| 20:53 | Scout Tower |
| 20:53 | Scout Tower |
| 21:18 | Guard Tower |
| 21:20 | Scout Tower |
| 21:20 | Scout Tower |
| 21:21 | Scout Tower |
| 21:25 | Summon Quilbeast |
| 21:35 | Guard Tower |
| 21:37 | Scout Tower |
| 21:37 | Scout Tower |
| 21:38 | Scout Tower |
| 21:38 | Scout Tower |
| 21:38 | Scout Tower |
| 21:38 | Scout Tower |
| 21:52 | Guard Tower |
| 22:20 | Priest Adept Training |
| 22:20 | Priest |
| 22:42 | Guard Tower |
| 22:45 | Soul Burn |
| 22:47 | Guard Tower |
| 23:03 | Guard Tower |
| 23:08 | Scout Tower |
| 23:10 | Scout Tower |
| 23:10 | Scout Tower |
| 23:20 | Divine Shield |
| 23:30 | Priest |
| 23:38 | Scout Tower |
| 23:39 | Scout Tower |
| 23:39 | Scout Tower |
| 23:41 | Guard Tower |
| 23:43 | Scout Tower |
| 23:43 | Scout Tower |
| 23:43 | Guard Tower |
| 23:45 | Scout Tower |
| 23:45 | Scout Tower |
| 23:47 | Staff of Sanctuary |
| 23:48 | Orb of Fire |
| 24:31 | Guard Tower |
| 24:32 | Scout Tower |
| 24:36 | Farm |
| 24:41 | Guard Tower |
| 25:12 | Guard Tower |
| 25:40 | Scout Tower |
| 25:40 | Scout Tower |
| 25:41 | Scout Tower |
| 25:41 | Scout Tower |
| 25:42 | Scout Tower |
| 25:42 | Scout Tower |
| 25:43 | Scout Tower |
| 26:19 | Guard Tower |
| 26:22 | Scout Tower |
| 26:22 | Scout Tower |
| 26:23 | Scout Tower |
| 26:23 | Scout Tower |
| 26:27 | Scout Tower |
| 26:27 | Scout Tower |
| 26:27 | Scout Tower |
| 26:28 | Scout Tower |
| 26:28 | Scout Tower |
| 26:29 | Scout Tower |
| 26:29 | Scout Tower |
| 26:29 | Scout Tower |
| 26:29 | Scout Tower |
| 26:29 | Scout Tower |
| 26:37 | Priest |
| 26:46 | Scout Tower |
| 26:46 | Scout Tower |
| 26:47 | Scout Tower |
| 26:48 | Peasant |
| 26:48 | Peasant |
| 26:58 | Staff of Teleportation |
| 27:00 | Boots of Speed |
| 27:02 | Guard Tower |
| 27:42 | Guard Tower |
| 29:45 | Holy Light |
| 30:26 | Priest |
| 30:39 | Scout Tower |
| 30:39 | Scout Tower |
| 32:04 | Incinerate |
| 32:49 | Summon Bear |
| 34:13 | Guard Tower |
| 34:14 | Guard Tower |
| 34:19 | Scout Tower |
| 34:19 | Scout Tower |
| 34:19 | Scout Tower |
| 34:20 | Scout Tower |
| 34:50 | Scout Tower |
| 34:50 | Scout Tower |
| 34:50 | Scout Tower |
| 34:51 | Scout Tower |
| 35:32 | Divine Shield |
| 35:54 | Priest |
| 35:55 | Guard Tower |
| 36:16 | Guard Tower |
| 36:22 | Scout Tower |
| 36:22 | Scout Tower |
| 36:22 | Scout Tower |
| 36:22 | Scout Tower |
| 36:23 | Scout Tower |
| 36:50 | Guard Tower |
| 36:51 | Guard Tower |
| 37:03 | Guard Tower |
| 38:20 | Soul Burn |
| 39:41 | Magic Sentry |
| 39:44 | Guard Tower |
| 39:46 | Scout Tower |
| 39:46 | Scout Tower |
| 39:47 | Scout Tower |
| 39:47 | Scout Tower |
| 39:48 | Scout Tower |
| 39:48 | Scout Tower |
| 39:49 | Scout Tower |
| 39:49 | Scout Tower |
| 39:50 | Scout Tower |
| 39:50 | Scout Tower |
| 39:50 | Scout Tower |
| 39:50 | Scout Tower |
| 39:51 | Scout Tower |
| 39:52 | Scout Tower |
| 39:52 | Scout Tower |
| 40:51 | Guard Tower |
| 41:20 | Scout Tower |
| 41:20 | Scout Tower |
| 41:21 | Scout Tower |
| 41:21 | Scout Tower |
| 41:22 | Scout Tower |
| 41:22 | Scout Tower |
| 41:23 | Guard Tower |
| 42:06 | Stampede |
| Right click | 3421 |
| Select | 1389 |
| Select group | 876 |
| Build/train/purchase | 256 |
| Assign group | 205 |
| Use ability | 122 |
| Chat | 47 |
| Minimap ping | 33 |
| Misc. action | 30 |
| Resource trade | 22 |
| Item give/drop | 6 |
| Remove unit | 2 |



| Lesser Clarity Potion | 2 | 140 |
| Potion of Mana | 1 | 200 |
| Scroll of Town Portal | 2 | 700 |
| Boots of Speed | 4 | 1000 |
| Staff of Teleportation | 1 | 150 |
| Scroll of Regeneration | 6 | 600 |
| Mechanical Critter | 1 | 50 |
| Healing Salve | 2 | 200 |
| Staff of Sanctuary | 2 | 500 |
| total: | 21 | 3540g |
| Wisp | 37 | 2220 | / | 0 |
| total: | 37 | 2220g | / | 0w |
| Altar of Elders | 1 | 180 | / | 50 |
| Moon Well | 25 | 4500 | / | 1000 |
| Hunter's Hall | 1 | 210 | / | 100 |
| Tree of Life | 8 | 2720 | / | 1480 |
| Ancient of Wonders | 1 | 90 | / | 30 |
| Tree of Ages | 2 | 640 | / | 360 |
| Tree of Eternity | 1 | 330 | / | 200 |
| total: | 36 | 7700g | / | 2660w |
| 0:01 | Wisp |
| 0:05 | Wisp |
| 0:05 | Wisp |
| 0:08 | Altar of Elders |
| 0:20 | Moon Well |
| 0:25 | Wisp |
| 0:48 | Wisp |
| 0:56 | Wisp |
| 1:14 | Moon Well |
| 1:22 | Wisp |
| 1:39 | Wisp |
| 1:54 | Wisp |
| 2:02 | Wisp |
| 2:09 | Wisp |
| 2:19 | Wisp |
| 2:31 | Entangling Roots |
| 2:33 | Wisp |
| 3:00 | Wisp |
| 3:01 | Wisp |
| 3:42 | Tree of Ages |
| 4:12 | Moon Well |
| 4:15 | Moon Well |
| 4:19 | Moon Well |
| 4:53 | Moon Well |
| 6:39 | Tree of Eternity |
| 6:41 | Hunter's Hall |
| 7:02 | Frost Arrows |
| 7:55 | Moon Well |
| 9:06 | Well Spring |
| 9:06 | Nature's Blessing |
| 9:43 | Tree of Life |
| 10:12 | Searing Arrows |
| 10:18 | Thorns Aura |
| 10:28 | Ultravision |
| 10:54 | Forked Lightning |
| 12:01 | Moon Well |
| 12:05 | Moon Well |
| 12:29 | Wisp |
| 12:29 | Wisp |
| 12:31 | Ancient of Wonders |
| 12:40 | Moon Well |
| 12:41 | Moon Well |
| 12:55 | Moon Well |
| 12:56 | Moon Well |
| 13:16 | Scroll of Regeneration |
| 13:55 | Moon Well |
| 13:57 | Wisp |
| 13:57 | Wisp |
| 13:57 | Wisp |
| 13:57 | Wisp |
| 13:57 | Wisp |
| 14:04 | Trueshot Aura |
| 14:27 | Wisp |
| 14:27 | Wisp |
| 14:32 | Mechanical Critter |
| 14:32 | Scroll of Town Portal |
| 14:33 | Scroll of Town Portal |
| 15:16 | Entangling Roots |
| 15:30 | Healing Salve |
| 15:45 | Frost Arrows |
| 15:53 | Healing Salve |
| 17:52 | Moon Well |
| 17:54 | Moon Well |
| 17:57 | Wisp |
| 18:05 | Boots of Speed |
| 18:13 | Boots of Speed |
| 18:13 | Boots of Speed |
| 18:25 | Scroll of Regeneration |
| 18:30 | Staff of Sanctuary |
| 18:35 | Wisp |
| 18:35 | Wisp |
| 18:36 | Wisp |
| 18:58 | Searing Arrows |
| 19:05 | Moon Well |
| 19:37 | Moon Well |
| 19:43 | Scroll of Regeneration |
| 19:48 | Lesser Clarity Potion |
| 19:49 | Potion of Mana |
| 21:02 | Moon Well |
| 21:32 | Moon Well |
| 22:19 | Thorns Aura |
| 22:33 | Moon Well |
| 22:35 | Moon Well |
| 23:23 | Scroll of Regeneration |
| 23:25 | Staff of Sanctuary |
| 23:31 | Lesser Clarity Potion |
| 24:16 | Moon Well |
| 24:21 | Scroll of Regeneration |
| 25:32 | Forked Lightning |
| 25:54 | Wisp |
| 25:54 | Wisp |
| 25:54 | Wisp |
| 26:14 | Tree of Life |
| 26:41 | Trueshot Aura |
| 31:02 | Scroll of Regeneration |
| 31:21 | Entangling Roots |
| 31:43 | Frost Arrows |
| 32:13 | Searing Arrows |
| 34:07 | Tree of Life |
| 34:12 | Tree of Life |
| 34:32 | Tree of Life |
| 35:07 | Tree of Life |
| 35:56 | Tranquility |
| 37:32 | Wisp |
| 37:32 | Wisp |
| 39:16 | Boots of Speed |
| 39:16 | Staff of Teleportation |
| 40:23 | Tornado |
| 40:31 | Starfall |
| 40:55 | Tree of Life |
| 41:02 | Wisp |
| 41:02 | Wisp |
| 41:02 | Wisp |
| 41:02 | Wisp |
| 41:05 | Tree of Life |
| 42:46 | Moon Well |
| 42:47 | Moon Well |
| Right click | 3476 |
| Select group | 2709 |
| Select | 587 |
| Resource trade | 380 |
| Assign group | 373 |
| Build/train/purchase | 144 |
| Use ability | 131 |
| Chat | 62 |
| Misc. action | 55 |
| Item give/drop | 5 |
| Remove unit | 1 |
⇛